 Dungeon Crawl Stone Soup version 0.32-a0-42-ga30500b (webtiles) character file.

Game seed: 13230306065240729307

4608 Dorkslayer the Cleaver (level 10, -2/66 HPs)
             Began as an Octopode Fighter on Jan 28, 2024.
             Was a Follower of Dithmenos.
             Slain by a two-headed ogre
             ... wielding a +0 giant spiked club
              (22 damage)
             ... on level 9 of the Dungeon on Jan 29, 2024.
             The game lasted 00:20:12 (6823 turns).

Dorkslayer the Cleaver (Octopode Fighter)           Turns: 6823, Time: 00:20:13

Health: -2/66      AC:  5    Str: 20    XL:     10   Next: 42%
Magic:  10/10      EV: 14    Int: 11    God:    Dithmenos [*.....]
Gold:   139        SH:  5    Dex: 11    Spells: 9/9 levels left

rFire   . . .        y - +2 morningstar (freeze)
rCold   . . .        b - +0 buckler
rNeg    . . .        (helmet restricted)
rPois   .            (no amulet)
rElec   .            k - +4 ring of protection
rCorr   .            (no ring)
SInv    .            (no ring)
Will    .....        (no ring)
Stlth   +++++        (no ring)
HPRegen 0.31/turn    (no ring)
MPRegen 0.12/turn    (no ring)
                     (no ring)

%: no passive effects
@: wreathed by umbra
A: almost no armour, amphibious, 8 rings, camouflage 1, gelatinous body 1,
(nimble swimmer 1), tentacles
a: Renounce Religion


You were on level 9 of the Dungeon.
You worshipped Dithmenos.
Dithmenos was aware of your devotion.
You visited 2 branches of the dungeon, and saw 10 of its levels.

You collected 351 gold pieces.
You spent 212 gold pieces at shops.

Inventory:

Hand Weapons
 a - a +0 war axe
 q - a +0 war axe
 v - a +4 hand axe
 y - a +2 morningstar of freezing (weapon)
Missiles
 m - 3 boomerangs (quivered)
Armour
 b - a +0 buckler (worn)
Jewellery
 k - a +4 ring of protection (left tentacle)
Wands
 f - a wand of charming (13)
 h - a wand of flame (1)
 p - a wand of roots (7)
 z - a wand of polymorph (7)
Scrolls
 c - a scroll of acquirement
 o - a scroll of immolation
 t - a scroll of revelation
Potions
 d - 2 potions of curing
 e - 2 potions of brilliance
 i - 2 potions of attraction
 j - a potion of cancellation
 l - a potion of berserk rage
 n - a potion of lignification
 r - a potion of invisibility {unknown}
 u - a potion of heal wounds {unknown}
 x - a potion of resistance {unknown}


   Skills:
 + Level 5.4 Fighting
 + Level 8.2(8.4) Axes
 + Level 2.3(5.7) Maces & Flails
 + Level 2.4 Throwing
 + Level 5.3 Dodging
 + Level 6.1 Stealth
 + Level 4.5 Shields
 * Level 5.9 Unarmed Combat
 * Level 6.4 Evocations


You had 9 spell levels left.
You didn't know any spells.
Your spell library contained the following spells:

 Spells                   Type           Power      Damage    Failure   Level
 Shock                    Conj/Air       0%         1d3       41%         1
 Call Imp                 Summ           0%         N/A       54%         2
 Sublimation of Blood     Necr           0%         N/A       54%         2
 Swiftness                Air            0%         N/A       78%         3
 Airstrike                Air            0%         2d(0-16)  99%         4
 Sculpt Simulacrum        Ice/Alch       0%         N/A       100%        6
 Ozocubu's Refrigeration  Ice            0%         4d7       100%        7
 Summon Hydra             Summ           0%         N/A       100%        7
 Polar Vortex             Ice            0%         N/A       100%        9


Dungeon Overview and Level Annotations

Branches:
Dungeon (9/15)             Temple (1/1) D:6
   Lair: D:8-11         Orc: D:9-12

Altars:
Cheibriados
Dithmenos
Elyvilon
Fedhas
Gozag
Hepliaklqana
Kikubaaqudgha
Makhleb
Nemelex Xobeh
Okawaru
Qazlal
Ru
Sif Muna
Trog
Uskayaw
Vehumet
Wu Jian
Xom
Yredelemnul
Zin
The Shining One

Shops:
D:3 (   D:7 *


Innate Abilities, Weirdness & Mutations

You cannot wear most types of armour.
You are amphibious.
You can wear up to eight rings at the same time.
Your skin changes colour to match your surroundings (Stealth+).
Your rubbery body absorbs attacks. (AC +1, EV +1)
((You are camouflaged when in or above water. (Stealth+)))
You have tentacles for arms and can constrict up to eight enemies at once.


Message History

Amaemon is almost dead.
You constrict Amaemon! The scorpion closely misses you.
Amaemon barely misses you. x2; Amaemon tail-slaps you.
The scorpion barely misses you.
You hit Amaemon. You freeze Amaemon.
You kill Amaemon!
Dithmenos accepts your kill.
The scorpion disappears in a puff of smoke! x2
Your base Maces & Flails skill increases to level 1!
Unknown command. 2 kobolds come into view.
Pikel hits you with a +2 whip of flaming!
Pikel burns you.
Items here: ( )) †.
You barely miss Pikel. Your grab misses Pikel. You squeeze Pikel!
Pikel is moderately wounded.
Pikel barely misses you.
A kobold comes into view. It is wielding a +0 short sword.
Pikel hits you with a +2 whip of flaming.
Pikel burns you.
The kobold moves out of view.
A lemure comes into view.
You closely miss Pikel. You grab Pikel. You squeeze Pikel!
Pikel is heavily wounded.
You constrict Pikel!
Pikel hits you with a +2 whip of flaming.
Pikel burns you.
Unknown command.
You sock Pikel! You freeze Pikel.
You kill Pikel!
Dithmenos accepts your kill.
With Pikel's spell broken, his former minions thank you for their freedom.
The lemure departs this earthly plane. x3
Your base Maces & Flails skill increases to level 2!
Aiming: Charm
Press: ? - help, Shift-Dir - straight line, f - two-headed ogre
Aim: a two-headed ogre, wielding a +0 giant spiked club and a +0 giant club (umbra, chance to affect: 47%)
The two-headed ogre resists with some effort.
A kobold comes into view.
It is wielding a +0 short sword of venom.
The two-headed ogre hits you with a +0 giant spiked club!!
You die...

.# # .#.#
#######.#.#
#<........#
#.......#
#.......#########
#......KKKK§KO@.#
#..[....K######.#
###....K.K.# .###
K..........#
###..#
#.####..####
##....# #......§#
.#.....#
#####...#
.#####... #....
..#. ...# #..O#.


You could see a two-headed ogre, a kobold brigand and 4 kobolds.

Vanquished Creatures
  Amaemon (D:9)
  Pikel (D:9)
  Maggie (D:6)
  Prince Ribbit (D:8)
  6 yaks (D:8)
  An orc warrior (D:7)
  A sky beast (D:8)
  3 black bears
  An ogre (D:5)
  2 centaurs (D:8)
  A phantom (D:5)
  A weeping skull (D:7)
  6 bullfrogs
  2 scorpions
  4 wights (D:8)
  2 howler monkeys (D:7)
  2 bombardier beetles (D:4)
  2 jellies (D:7)
  3 hounds
  An orc priest (D:6)
  A gnoll bouda (D:5)
  4 iguanas
  An iron imp (D:9)
  Ijyb (D:3)
  Terence (D:2)
  An orc wizard (D:7)
  4 gnolls
  2 adders (D:6)
  A shadow imp (D:7)
  4 dart slugs
  19 orcs
  An endoplasm (D:1)
  2 giant cockroaches
  5 goblins
  6 hobgoblins
  6 jackals
  8 kobolds
  6 quokkas
  6 ball pythons
  5 bats
  A frilled lizard (D:2)
  2 rats
  A spectral orc (D:7)
130 creatures vanquished.

Vanquished Creatures (others)
  A kobold (D:9)
1 creature vanquished.

Grand Total: 131 creatures vanquished

Notes
Turn   | Place    | Note
-------+----------+-------------------------------------------
     0 | D:1      | Dorkslayer the Octopode Fighter began the quest for the
                  | Orb.
     0 | D:1      | Reached XP level 1. HP: 16/16 MP: 1/1
    91 | D:1      | Reached XP level 2. HP: 17/21 MP: 2/2
   439 | D:1      | Reached XP level 3. HP: 26/26 MP: 3/3
   789 | D:2      | Noticed Terence
   798 | D:2      | Killed Terence
   799 | D:2      | Reached skill level 1 in Stealth
   799 | D:2      | Reached skill level 1 in Unarmed Combat
   799 | D:2      | Reached XP level 4. HP: 10/31 MP: 4/4
  1346 | D:3      | Found Sodouhed's Antique Weapon Emporium.
  1398 | D:3      | Noticed Ijyb
  1406 | D:3      | Killed Ijyb
  1722 | D:4      | Noticed a scorpion
  1728 | D:4      | Killed a scorpion
  1729 | D:4      | Reached skill level 3 in Axes
  1729 | D:4      | Reached XP level 5. HP: 31/36 MP: 5/5
  1767 | D:4      | Reached skill level 1 in Evocations
  2206 | D:4      | Reached XP level 6. HP: 42/42 MP: 6/6
  2247 | D:4      | Found a stormy altar of Qazlal.
  2434 | D:5      | Entered Level 5 of the Dungeon
  2523 | D:5      | Found an iron altar of Okawaru.
  2523 | D:5      | Found a glowing silver altar of Zin.
  2635 | D:5      | Reached skill level 4 in Axes
  3101 | D:5      | Noticed a black bear
  3118 | D:5      | Killed a black bear
  3119 | D:5      | Reached XP level 7. HP: 47/47 MP: 7/7
  3161 | D:6      | Noticed Maggie
  3168 | D:6      | Killed Maggie
  3209 | D:6      | Reached skill level 5 in Axes
  3219 | D:6      | Reached XP level 8. HP: 17/54 MP: 8/8
  3840 | D:5      | Reached skill level 1 in Throwing
  4065 | D:6      | Found a staircase to the Ecumenical Temple.
  4074 | Temple   | Entered the Ecumenical Temple
  4089 | Temple   | Became a worshipper of Dithmenos the Shadowed
  4119 | D:6      | Found a radiant altar of Vehumet.
  4285 | D:3      | Bought a fading trident for 212 gold pieces
  4285 | D:3      | Identified the +9 trident "Killer Bee's Doom" {pain, ^Drain
                  | rPois rF- Str+7} (You bought it in a shop on level 3 of the
                  | Dungeon)
  4335 | D:7      | Reached skill level 5 in Stealth
  4575 | D:7      | Found a basalt altar of Yredelemnul.
  4625 | D:7      | Identified a scroll of acquirement
  4945 | D:7      | Reached skill level 6 in Axes
  5010 | D:7      | Found Fes Tut's CLEARANCE SALE!.
  5072 | D:7      | Found a shimmering blue altar of Sif Muna.
  5147 | D:7      | Reached XP level 9. HP: 52/59 MP: 9/9
  5881 | D:8      | Reached skill level 5 in Evocations
  5890 | D:8      | Reached skill level 7 in Axes
  5918 | D:8      | Reached skill level 5 in Fighting
  5918 | D:8      | Reached skill level 5 in Unarmed Combat
  5923 | D:8      | HP: 3/61 [yak (7)]
  5930 | D:8      | Reached skill level 5 in Dodging
  6253 | D:8      | Reached * piety under Dithmenos
  6427 | D:8      | Reached XP level 10. HP: 61/66 MP: 10/10
  6523 | D:8      | Noticed Prince Ribbit
  6525 | D:8      | Reached skill level 8 in Axes
  6535 | D:8      | Killed Prince Ribbit
  6781 | D:9      | Noticed an orange demon
  6782 | D:9      | Noticed Amaemon
  6784 | D:9      | an orange demon changed into an iron imp
  6789 | D:9      | Noticed a two-headed ogre
  6802 | D:9      | Noticed Pikel
  6818 | D:9      | Killed Amaemon
  6819 | D:9      | Reached skill level 1 in Maces & Flails
  6822 | D:9      | Killed Pikel
  6823 | D:9      | Slain by a two-headed ogre

Illustrated notes

Levels and vault maps discovered:
D:1:      scummos_arrival_hexagon, layout_loops_ring,
          chequers_serial_rivers_micro_d
D:2:      layout_loops_ring, kennysheep_generic_room_10, uniq_terence
D:3:      layout_rooms, serial_shops, shop, uniq_ijyb
D:4:      layout_loops_cross, nicolae_overflow_crystal_walls,
          grunt_ministairs_9, corexii_leaking_fountain
D:5:      layout_loops_ring, gammafunk_temple_overflow_pools
D:6:      layout_cave_pools, mainiacjoe_overflow_alcove_2,
          minmay_temple_entry_statues_fountains, serial_column_ruins,
          column_ruins_hut, column_ruins_grid_2, column_ruins_columns_corner,
          column_ruins_corridor_dead_end, column_ruins_open_small_water,
          column_ruins_grid_1, column_ruins_grid_1, column_ruins_open_medium,
          uniq_maggie
D:7:      layout_basic, nicolae_sif_muna_little_library,
          yredelemnul_forgotten_temple_becter, nicolae_shop_clearance
D:8:      layout_loops_ring, uniq_prince_ribbit1
D:9:      layout_loops_ring, nicolae_ashenzari_skybound, serial_shops,
          nicolae_shop_tiny_glass, nicolae_shop_rolled_up, nicolae_shop_stone,
          nicolae_shop_statue_plus, uniq_pikel, uniq_amaemon
Temple:   nicolae_temple_superstar

Skill      XL: |  1  2  3  4  5  6  7  8  9 10 |
---------------+-------------------------------+-----
Stealth        | 1 3 4 5 6 |  6.1
Unarmed Combat | 1 2 3 4 5 |  5.9
Axes           | 3 4 5 6 7 8 |  8.2
Evocations     | 1 2 3 4 5 6 |  6.4
Fighting       | 4 5 |  5.4
Dodging        | 4 5 |  5.3
Throwing       | 1 2 |  2.4
Shields        | 4 |  4.5
Maces & Flails | 2 |  2.3

Action                     |  1- 3 |  4- 6 |  7- 9 | 10-12 || total
---------------------------+-------+-------+-------+-------++-------
  Melee: War axe           |    40 |    66 |   200 |       ||   306
         Constrict         |    12 |    16 |    29 |     6 ||    63
         Tentacles         |     8 |    16 |    44 |     9 ||    77
         Punch             |       |     5 |     5 |     2 ||    12
         Morningstar       |       |       |     9 |    29 ||    38
  Throw: Boomerang         |       |       |    27 |       ||    27
  Evoke: Wand              |       |       |    14 |     5 ||    19
    Use: Scroll            |       |    10 |     5 |     2 ||    17
         Potion            |       |       |     6 |     2 ||     8
   Stab: Sleeping          |     9 |     9 |     6 |       ||    24
         Distracted        |       |     1 |       |       ||     1
 Armour: Skin              |    18 |    31 |   154 |    18 ||   221
  Dodge: Dodged            |    17 |    47 |   116 |    34 ||   214
  Block: Buckler           |     6 |    22 |    48 |    11 ||    87

Table legend: (Time is in decaauts)
 A = Elapsed time spent in this place.
 B = Non-inter-level travel time spent in this place.
 C = Inter-level travel time spent in this place.
 D = Time resting spent in this place.
 E = Time spent auto-exploring this place.
 F = Levels seen in this place.
 G = Mean time per level.
                   A        B        C        D        E       F      G
               +--------+--------+--------+--------+--------+-----+--------+
         Total |   6930 |   6836 |     94 |    199 |   4704 |  10 |  693.0 |
       Dungeon |   6902 |   6808 |     94 |    199 |   4704 |   9 |  766.9 |
        Temple |     28 |     28 |      0 |      0 |      0 |   1 |   28.0 |
               +--------+--------+--------+--------+--------+-----+--------+

Top non-repeatable levels by time:
     D:8: 1301 daAuts
     D:7: 1180 daAuts
     D:5: 1099 daAuts
     D:6: 752 daAuts
     D:4: 743 daAuts
     D:1: 675 daAuts
     D:2: 671 daAuts
     D:3: 424 daAuts
     D:9: 53 daAuts
  Temple: 28 daAuts
